Map: Typhon

Players

irvinz

  • Race: Zerg Zerg
  • Spawn Location: 11:00

DarkTemplar - Winner!

  • Race: Protoss Protoss
  • League: Silver
  • Spawn Location: 5:00

BlueHawk - Winner!

  • Race: Terran Terran
  • Spawn Location: 3:00

fortes - Winner!

  • Race: Zerg Zerg
  • Spawn Location: 5:00

bertman

  • Race: Terran Terran
  • Spawn Location: 12:00

VOD

Have the link to the VOD?

Description

Time

  • Played on: Aug. 23, 2018, 3:12 p.m.
  • Length: 19:14
Show
View Real Time Build Order
Export as new Build Order

irvinz Zerg 

Build Orders: Hatch First 

Get SALT Encoding   

  12  0:01  Drone  
  13  0:07  Drone  
  14  0:37  Hatchery  
  14  0:38  Drone  
  14  0:45  Overlord  
  14  1:03  Drone x3  
  17  1:15  Spawning Pool  
  17  1:16  Drone  
  17  1:25  Drone, Extractor  
  17  1:43  Drone  
  18  1:54  Drone  
  19  1:55  Drone  
  19  2:00  Hatchery  
  19  2:03  Zergling x2, Drone  
  21  2:09  Drone  
  21  2:13  Drone  
  23  2:18  Drone  
  24  2:25  Drone  
  25  2:30  Queen  
  27  2:37  Overlord  
  27  2:40  Drone  
  28  2:58  Drone x4  
  32  3:01  Zergling x2  
  32  3:03  Metabolic Boost  
  33  3:05  Queen  
  33  3:11  Drone  
  37  3:12  Drone  
  37  3:15  Overlord  
  37  3:23  Drone  
  37  3:25  Drone  
  39  3:27  Lair  
  39  3:30  Extractor  
  39  3:32  Drone x2  
  39  3:33  Drone  
  41  3:34  Drone  
  42  3:44  Drone  
  42  3:45  Drone, Queen  
  42  3:48  Overlord  
  46  3:50  Drone  
  46  3:51  Drone  
  46  3:53  Drone  
  49  3:56  Drone  
  49  4:02  Overlord  
  50  4:06  Drone  
  50  4:09  Drone x2  
  53  4:15  Drone  
  53  4:16  Drone  
  55  4:21  Zergling x2  
  55  4:22  Drone x3  
  58  4:27  Drone x2  
  58  4:28  Spine Crawler  
  58  4:29  Drone, Extractor  
  58  4:30  Zergling x2, Drone  
  61  4:31  Drone  
  61  4:38  Zergling x2, Drone  
  63  4:43  Drone  
  65  4:51  Spire  
  64  4:53  Drone  
  64  4:54  Evolution Chamber  
  64  4:55  Drone, Evolution Chamber  
  64  4:59  Zergling x2  
  65  5:04  Extractor  
  65  5:05  Extractor  
  63  5:15  Drone x2  
  63  5:16  Overlord x2  
  65  5:23  Spine Crawler x2, Hatchery  
  65  5:25  Zergling x4  
  65  5:26  Zergling x2  
  65  5:34  Zergling x2  
  65  5:35  Zergling x8, Drone x2  
  72  5:36  Zergling x2, Drone  
  72  5:41  Zergling x4  
  74  5:50  Zergling x2, Drone  
  70  5:58  Zergling x2, Drone  
  64  6:05  Mutalisk x3  
  65  6:13  Zergling x2, Drone  
  62  6:20  Drone  
  62  6:23  Drone  
  64  6:28  Zergling x4  
  65  6:39  Drone x3  
  61  6:46  Spire, Drone x2  
  62  6:56  Drone  
  62  6:57  Drone x2  
  62  6:58  Zerg Ground Armor Level 1, Zerg Melee Weapons Level 1  
  62  6:59  Zergling x2  
  66  7:02  Zergling x6  
  69  7:14  Zergling x4  
  68  7:18  Drone x2  
  68  7:19  Drone x4  
  68  7:20  Drone x2  
  68  7:21  Drone  
  68  7:22  Drone  
  78  7:23  Drone  
  78  7:24  Extractor  
  78  7:26  Drone  
  78  7:27  Drone  
  80  7:31  Drone  
  80  7:32  Queen  
  80  7:34  Drone  
  80  7:35  Drone  
  85  7:37  Drone  
  85  7:40  Queen  
  88  7:52  Drone, Spine Crawler  
  88  7:54  Overlord x3  
  88  7:59  Overlord x2  
  88  8:20  Drone  
  88  8:21  Drone x2  
  88  8:22  Hatchery  
  88  8:23  Mutalisk  
  88  8:24  Mutalisk x6, Zergling x4  
  88  8:26  Mutalisk  
  106  8:27  Mutalisk x2  
  106  8:28  Zerg Flyer Weapons Level 1  
  112  8:38  Mutalisk, Zergling x2, Drone  
  112  8:39  Zergling x6, Drone  
  120  8:51  Mutalisk x2  
  120  8:54  Mutalisk  
  126  8:57  Overlord x2  
  126  8:59  Zergling x4  
  128  9:06  Overlord  
  128  9:07  Overlord  
  128  9:10  Infestation Pit  
  128  9:11  Overlord x2  
  127  9:17  Drone  
  127  9:18  Mutalisk x2, Zergling x12  
  127  9:19  Zergling x6  
  134  9:31  Mutalisk  
  134  9:32  Mutalisk  
  134  9:39  Mutalisk  
  134  9:42  Zergling x2  
  134  9:43  Zergling x2  
  136  9:57  Mutalisk x2  
  134  10:04  Zergling x6  
  134  10:05  Zergling x12  
  134  10:06  Zergling x4  
  144  10:20  Mutalisk x3  
  149  10:23  Mutalisk  
  145  10:28  Drone x2  
  145  10:34  Spine Crawler  
  145  10:35  Spine Crawler  
  135  10:51  Hatchery  
  133  11:10  Mutalisk x3  
  133  11:11  Mutalisk x3, Zergling x8  
  140  11:12  Zergling x4  
  151  11:37  Mutalisk x3  
  151  11:39  Zergling x10  
  135  12:07  Mutalisk x5  
  135  12:08  Zergling x10  
  136  12:09  Zergling x4  
  131  12:26  Mutalisk x2  
  131  12:28  Zergling x4  
  125  12:32  Drone x3  
  125  12:34  Drone  
  115  12:46  Mutalisk x3  
  115  12:48  Drone, Queen  
  122  12:56  Extractor  
  122  12:57  Extractor  
  121  12:58  Drone x2  
  121  12:59  Drone x2  
  121  13:05  Mutalisk x3  
  124  13:08  Drone x2  
  124  13:09  Drone x2  
  124  13:10  Hatchery  
  124  13:11  Zergling x4  
  125  13:30  Mutalisk x2  
  125  13:31  Mutalisk  
  129  13:36  Overlord x3  
  129  13:45  Mutalisk  
  129  13:46  Zergling x6  
  134  13:51  Drone x2  
  134  13:54  Mutalisk  
  138  13:56  Zergling x6  
  138  14:02  Mutalisk x2  
  135  14:15  Zergling x6  
  137  14:21  Mutalisk x3  
  137  14:22  Zergling x6, Overlord  
  130  14:35  Mutalisk, Drone  
  130  14:36  Zergling x4  
  135  14:44  Mutalisk x2  
  139  14:46  Overlord x2  
  140  14:52  Drone  
  140  14:53  Drone  
  140  14:54  Spine Crawler  
  140  14:56  Spine Crawler  
  140  14:59  Mutalisk x2  
  141  15:03  Zerg Melee Weapons Level 2, Drone  
  141  15:06  Hatchery  
  143  15:14  Mutalisk  
  143  15:15  Mutalisk x2  
  141  15:22  Mutalisk  
  141  15:26  Mutalisk  
  141  15:27  Zergling x2  
  141  15:28  Zergling x14  
  147  15:34  Mutalisk  
  147  15:36  Mutalisk  
  147  15:49  Mutalisk x2  
  147  15:59  Zergling x2, Drone  
  147  16:00  Zergling x10, Overlord  
  147  16:01  Zergling x6  
  157  16:13  Hive  
  157  16:14  Zerg Ground Armor Level 2  
  157  16:16  Zergling x8  
  157  16:17  Zergling x12  
  167  16:34  Mutalisk x3  
  173  16:44  Drone x2  
  175  16:52  Zergling x4  
  175  16:53  Zergling x6  
  178  16:56  Spine Crawler  
  178  16:58  Spine Crawler  
  178  16:59  Spine Crawler  
  151  17:02  Mutalisk x5  
  151  17:03  Mutalisk x2  
  151  17:04  Spine Crawler  
  151  17:05  Spine Crawler  
  151  17:07  Spine Crawler  
  151  17:08  Zergling x6, Spine Crawler  
  154  17:09  Zergling x8  
  154  17:10  Zergling x6, Spine Crawler  
  156  17:16  Mutalisk  
Show
View Real Time Build Order
Export as new Build Order

DarkTemplar Protoss - Winner!

Build Orders:  

Get SALT Encoding   

  12  0:01  Probe  
  13  0:13  Probe  
  14  0:21  Pylon  
  14  0:25  Probe  
  15  0:39  Probe  
  16  0:43  Gateway  
  16  0:51  Probe  
  16  0:54  Assimilator  
  17  1:04  Probe  
  18  1:10  Pylon  
  18  1:16  Probe  
  19  1:21  Assimilator  
  19  1:28  Probe  
  19  1:31  Cybernetics Core  
  20  1:39  Warp Gate  
  20  1:40  Probe  
  21  1:52  Probe  
  22  2:04  Probe  
  22  2:07  Zealot  
  25  2:17  Robotics Facility  
  25  2:23  Probe  
  26  2:35  Probe  
  27  2:37  Zealot  
  28  3:05  Gateway  
  28  3:07  Nexus  
  28  3:11  Pylon  
  28  3:17  Probe  
  29  3:20  Immortal  
  33  3:48  Forge  
  33  3:53  Pylon  
  33  3:59  Warp Prism  
  35  4:06  Nexus  
  35  4:11  Probe, Protoss Ground Weapons Level 1  
  35  4:16  Stalker x2  
  40  4:23  Probe  
  41  4:36  Probe  
  42  4:48  Probe  
  43  5:00  Probe  
  43  5:06  Forge  
  44  5:08  Pylon  
  44  5:12  Probe, Pylon  
  45  5:24  Probe  
  46  5:40  Zealot x2  
  50  5:52  Probe x2  
  48  6:06  Stalker x2  
  48  6:07  Probe x2  
  50  6:19  Probe x2  
  50  6:41  Probe x2  
  52  6:51  Zealot  
  52  6:52  Zealot  
  56  7:11  Pylon  
  56  7:14  Pylon  
  56  7:15  Protoss Ground Armor Level 1  
  56  7:17  Assimilator, Protoss Shields Level 1  
  56  7:22  Assimilator  
  44  7:24  Pylon  
  44  7:27  Pylon  
  44  7:34  Stargate  
  44  7:37  Stargate  
  44  7:42  Stargate  
  44  7:43  Stargate  
  44  7:44  Probe  
  44  7:45  Pylon  
  44  7:48  Probe  
  44  7:50  Pylon  
  46  7:53  Probe  
  46  7:57  Pylon  
  47  7:59  Photon Cannon  
  47  8:00  Probe  
  47  8:04  Photon Cannon  
  48  8:05  Photon Cannon  
  48  8:09  Photon Cannon  
  48  8:11  Photon Cannon  
  48  8:15  Photon Cannon  
  48  8:19  Photon Cannon, Stalker  
  50  8:20  Stalker  
  50  8:21  Photon Cannon  
  52  8:35  Twilight Council  
  52  8:38  Phoenix  
  52  8:42  Immortal  
  52  8:46  Phoenix x3  
  64  8:52  Protoss Air Weapons Level 1  
  64  8:55  Cybernetics Core  
  64  9:00  Phoenix  
  64  9:05  Phoenix  
  68  9:22  Charge  
  68  9:25  Phoenix  
  70  9:33  Void Ray  
  70  9:34  Phoenix  
  70  9:36  Stalker  
  70  9:37  Stalker  
  74  9:41  Phoenix  
  82  9:51  Protoss Air Armor Level 1  
  82  10:12  Void Ray  
  86  10:25  Stalker  
  86  10:26  Stalker  
  89  10:35  Void Ray  
  92  10:49  Void Ray  
  92  10:56  Void Ray  
  100  11:14  Void Ray  
  104  11:54  Void Ray x2  
  90  12:15  Void Ray  
  74  12:57  Phoenix x2  
  74  12:58  Phoenix  
  80  12:59  Phoenix  
  82  13:22  Phoenix x2  
  86  14:05  Phoenix x3  
  86  14:06  Phoenix  
  72  14:30  Phoenix x2  
  56  14:48  Phoenix x2  
  56  14:51  Phoenix  
  60  14:56  Phoenix  
  60  15:06  Phoenix  
  44  15:56  Gateway  
  44  15:58  Gateway  
  44  15:59  Gateway  
  44  16:02  Gateway  
  44  16:04  Gateway  
  44  16:05  Photon Cannon  
  44  16:07  Photon Cannon  
  44  16:10  Photon Cannon, Warp Prism  
  46  16:13  Protoss Ground Armor Level 2  
  46  16:20  Fleet Beacon  
  46  16:22  Phoenix x4  
  54  16:47  Phoenix  
  52  17:39  Phoenix x4  
  60  18:04  Phoenix x2  
Show
View Real Time Build Order
Export as new Build Order

BlueHawk Terran - Winner!

Build Orders:  

Get SALT Encoding   

  12  0:09  Supply Depot  
  12  0:18  SCV  
  13  0:35  Barracks  
  13  0:36  Refinery  
  13  0:40  SCV  
  14  0:53  SCV  
  15  1:05  SCV  
  16  1:19  SCV  
  16  1:22  Refinery  
  17  1:26  Marine  
  18  1:38  Supply Depot  
  18  1:42  Orbital Command  
  18  1:51  Marine, Factory  
  19  2:08  SCV  
  20  2:20  SCV  
  21  2:26  Marine, Supply Depot  
  22  2:34  SCV  
  23  2:37  Starport, Factory Reactor  
  23  2:46  SCV  
  23  2:50  Marine  
  25  2:59  SCV  
  26  3:10  Barracks  
  26  3:11  SCV  
  26  3:12  Barracks Tech Lab  
  27  3:23  Factory Tech Lab  
  27  3:25  SCV  
  28  3:27  Medivac x2  
  28  3:33  Marine  
  33  3:34  Stimpack  
  33  3:37  SCV  
  34  3:50  SCV  
  34  3:51  Marine  
  36  4:02  Marine  
  37  4:06  SCV  
  37  4:09  Marine  
  39  4:31  Supply Depot  
  39  4:32  Supply Depot  
  39  4:33  Supply Depot, Starport Tech Lab  
  39  4:42  Marine  
  39  4:53  SCV  
  39  4:57  Siege Tank  
  39  4:58  Marine x2  
  45  5:03  Supply Depot  
  45  5:05  Supply Depot  
  45  5:07  Engineering Bay  
  45  5:08  SCV  
  45  5:09  Marine  
  45  5:11  Engineering Bay  
  47  5:16  Marine  
  48  5:24  Starport Reactor  
  48  5:25  SCV, Factory  
  48  5:27  Marine  
  48  5:28  Marine  
  51  5:34  Marine  
  52  5:37  SCV  
  53  5:46  Marine x2  
  53  5:47  Siege Tank  
  53  5:49  SCV  
  59  5:52  Marine  
  59  6:02  SCV  
  59  6:03  Medivac  
  59  6:04  Marine x2, Medivac  
  64  6:09  Marine  
  67  6:22  Marine x2, SCV  
  70  6:27  Marine  
  70  6:31  Siege Tank  
  74  6:34  SCV  
  74  6:39  Marine  
  74  6:40  Marine  
  74  6:45  Marine  
  77  6:48  SCV  
  69  6:57  Marine x2  
  71  7:03  Marine  
  71  7:05  SCV  
  71  7:06  Siege Tank  
  76  7:15  Marine x2  
  76  7:21  Marine  
  79  7:27  Supply Depot  
  79  7:28  Supply Depot  
  79  7:29  Supply Depot  
  79  7:49  SCV  
  80  8:01  SCV  
  80  8:05  Marine x3  
  84  8:13  SCV  
  84  8:14  Barracks  
  84  8:15  Barracks  
  85  8:23  Marine x2  
  85  8:25  Command Center  
  87  8:36  SCV  
  87  8:38  Marine  
  87  8:41  Marine x2  
  91  8:51  Siege Tank  
  91  8:52  Medivac x2  
  91  8:54  SCV  
  99  8:56  Marine  
  99  9:01  Terran Infantry Weapons Level 1, Terran Infantry Armor Level 1  
  100  9:06  SCV  
  100  9:09  Marine x2  
  103  9:27  Supply Depot  
  103  9:37  Marine x2, SCV  
  96  10:11  Marine  
  96  10:12  Marine x4  
  101  10:17  SCV x2  
  103  10:29  Marine x2  
  103  10:30  Marine x3  
  103  10:35  Missile Turret  
  108  10:47  Marine x2  
  106  11:11  SCV x2  
  106  11:16  Marine x3  
  106  11:17  Marine x2  
  108  11:34  Marine x2  
  104  11:59  Marine x5  
  108  12:16  Marine  
  108  12:17  Marine x4  
  83  12:34  Marine  
  80  12:42  Marine x2  
  80  12:43  Marine  
  83  12:48  Marine  
  84  12:52  Marine, SCV  
  86  12:59  Marine  
  86  13:00  Marine  
  86  13:01  Marine  
  89  13:05  Marine  
  89  13:08  Armory  
  89  13:10  SCV x2  
  86  13:49  Marine  
  87  13:56  Terran Infantry Armor Level 2, Terran Infantry Weapons Level 2  
  87  13:58  SCV  
  87  14:00  Marine x4  
  87  14:02  Siege Tank  
  95  14:03  Medivac x2  
  95  14:06  Marine  
  100  14:18  SCV x2  
  102  14:30  SCV  
  103  14:35  Medivac  
  105  14:41  SCV  
  106  14:48  Barracks  
  106  14:50  Refinery, Barracks x2  
  106  14:51  SCV  
  107  14:53  Refinery  
  107  15:07  Medivac x2  
  111  15:19  SCV  
  112  15:21  Siege Tank  
  115  15:36  Marine x5  
  115  15:37  Marine  
  115  15:40  Medivac x2  
  118  15:53  Marine, Siege Tank  
  118  15:54  Marine x4  
  126  16:27  Supply Depot  
  126  16:48  Marine x5, SCV x2  
  126  16:51  Supply Depot  
  133  17:02  Marine  
  134  17:11  Supply Depot x2  
  134  17:12  Marine x6, Supply Depot x2  
  134  17:14  Supply Depot  
  140  17:37  Marine x4, Supply Depot  
  140  17:38  Marine x2  
  146  17:59  Supply Depot  
  145  18:25  Marine x4  
  145  18:26  Marine x3  
  152  18:29  Medivac x2, Siege Tank  
  159  18:43  Marine x5  
  159  18:44  Marine x2  
Show
View Real Time Build Order
Export as new Build Order

fortes Zerg - Winner!

Build Orders: Hatch First 

Get SALT Encoding   

  12  0:02  Drone  
  13  0:08  Drone  
  14  0:18  Overlord  
  14  0:47  Drone  
  15  0:51  Drone  
  15  0:54  Hatchery  
  15  0:55  Drone  
  16  1:01  Drone  
  17  1:17  Spawning Pool  
  17  1:18  Drone  
  17  1:21  Drone  
  18  1:29  Extractor  
  18  1:30  Drone  
  18  1:52  Drone x2  
  20  2:08  Drone x2  
  22  2:09  Queen  
  26  2:22  Drone x2  
  26  2:29  Extractor  
  25  2:30  Hatchery  
  25  2:33  Drone x2, Extractor  
  25  2:47  Metabolic Boost  
  25  2:59  Drone x3  
  28  3:12  Overlord x2  
  28  3:24  Spore Crawler  
  27  3:27  Spore Crawler  
  27  3:30  Drone x5, Spine Crawler  
  27  3:31  Drone x2  
  32  3:43  Zergling x4  
  32  3:48  Drone x2  
  36  3:55  Drone x3  
  39  4:06  Queen  
  39  4:08  Queen  
  43  4:12  Zergling x4  
  46  4:31  Drone x4  
  46  4:32  Drone, Overlord  
  46  4:33  Overlord  
  50  4:55  Drone x5  
  50  4:56  Drone x2  
  50  4:58  Lair  
  57  5:10  Drone  
  57  5:11  Drone x4  
  62  5:32  Drone x3  
  62  5:33  Drone  
  66  5:44  Overlord x2  
  66  5:45  Overlord x2  
  66  5:49  Extractor  
  64  6:23  Hydralisk Den  
  63  6:27  Spire, Hatchery  
  63  6:29  Drone  
  63  6:30  Drone x9  
  71  6:38  Zergling x2  
  72  6:42  Zergling x4  
  74  6:55  Hydralisk x2  
  74  6:56  Hydralisk  
  74  6:58  Hydralisk  
  82  7:07  Hydralisk x2  
  86  7:10  Hydralisk  
  88  7:30  Hydralisk x5  
  88  7:33  Overlord x3  
  98  7:49  Drone  
  99  7:55  Mutalisk x4  
  99  7:56  Mutalisk x5  
  117  8:13  Mutalisk x5  
  127  8:22  Hatchery  
  126  8:33  Mutalisk  
  128  8:35  Overlord  
  128  8:36  Overlord x6  
  128  8:47  Grooved Spines  
  128  8:49  Zerg Flyer Weapons Level 1  
  128  9:02  Mutalisk  
  130  9:06  Zergling x2  
  130  9:07  Zergling x20  
  112  9:40  Zergling x2  
  112  9:41  Zergling x22  
  106  9:58  Muscular Augments  
  77  10:02  Zergling x8  
  68  10:21  Zergling x16  
  66  10:48  Zergling x18  
  66  10:49  Zergling x6  
  77  10:56  Hatchery  
  76  11:06  Zergling x4  
  76  11:07  Zergling x4  
  76  11:11  Spore Crawler  
  79  11:17  Spore Crawler  
  79  11:18  Extractor  
  77  11:19  Hydralisk  
  77  11:20  Hydralisk x6  
  91  11:36  Mutalisk  
  91  11:37  Mutalisk x6  
  105  11:45  Hydralisk x4  
  97  12:00  Mutalisk  
  97  12:01  Mutalisk  
  97  12:08  Extractor  
  98  12:11  Zergling x2  
  98  12:12  Zergling x12  
  105  12:17  Drone x4  
  105  12:25  Mutalisk  
  105  12:26  Mutalisk  
  105  12:28  Zergling x2  
  92  13:01  Spine Crawler  
  92  13:03  Spore Crawler  
  83  13:18  Drone  
  83  13:19  Drone x14  
  79  13:30  Mutalisk  
  79  13:32  Hydralisk x2  
  79  13:33  Hydralisk x2  
  87  14:01  Zergling x2  
  86  14:14  Zergling x4  
  86  14:15  Zergling x26  
  99  14:28  Hydralisk x3  
  99  14:29  Hydralisk x2  
  105  14:40  Hatchery  
  104  14:47  Hatchery  
  103  14:56  Hatchery  
  102  15:04  Hatchery  
  102  15:05  Hydralisk  
  102  15:06  Hydralisk x13  
  118  15:30  Drone x6  
  121  15:47  Drone x3  
  121  15:48  Drone x7  
  131  16:01  Overlord x2  
  131  16:04  Zergling x2  
  131  16:05  Zergling x14  
  139  16:12  Spore Crawler x2  
  139  16:13  Spore Crawler  
  139  16:14  Drone  
  137  16:21  Spore Crawler x2  
  137  16:25  Spore Crawler  
  134  16:27  Zergling x2, Spine Crawler  
  134  16:28  Zergling x34  
  151  16:42  Spore Crawler  
  151  16:46  Spine Crawler  
  149  16:50  Spore Crawler  
  139  17:01  Hydralisk x9  
  128  17:02  Hydralisk x6  
  158  17:19  Mutalisk  
  158  17:21  Zergling x2  
  158  17:22  Zergling x28  
  175  17:23  Zergling x10  
  83  18:25  Zergling x32  
  83  18:26  Zergling x22  
  83  18:43  Zergling x14  
  83  18:44  Zergling x4  
  83  18:46  Evolution Chamber  
  91  18:51  Zergling x2  
  91  18:52  Zergling x16  
Show
View Real Time Build Order
Export as new Build Order

bertman Terran 

Build Orders:  

Get SALT Encoding   

  12  0:01  SCV  
  13  0:13  SCV  
  14  0:22  Supply Depot  
  14  0:25  SCV  
  15  0:44  SCV  
  16  0:50  Refinery  
  16  0:56  SCV  
  17  1:08  SCV  
  18  1:20  SCV  
  20  1:32  SCV  
  20  1:44  SCV  
  21  1:54  Barracks  
  21  2:07  SCV  
  22  2:14  Command Center  
  22  2:16  Barracks  
  22  2:19  SCV  
  23  2:40  Supply Depot  
  23  2:44  Factory  
  23  2:56  Supply Depot  
  23  3:01  Marine  
  24  3:19  Marine  
  25  3:26  Refinery  
  25  3:30  Marine  
  26  3:34  Barracks  
  26  3:35  Factory Tech Lab  
  26  3:37  Marine  
  26  3:40  SCV  
  28  3:48  Marine  
  28  3:53  SCV  
  28  3:54  Marine  
  31  3:57  Orbital Command  
  31  4:05  SCV  
  31  4:06  Marine  
  33  4:12  Marine  
  33  4:17  Starport, SCV  
  35  4:27  Refinery  
  35  4:28  SCV  
  35  4:29  SCV  
  37  4:41  SCV  
  38  4:49  Marine x3  
  41  4:53  SCV  
  42  5:09  Medivac  
  44  5:19  Starport, SCV  
  45  5:26  Marine x2  
  45  5:27  Marine  
  48  5:31  SCV  
  49  5:36  SCV  
  49  5:39  Medivac  
  52  5:44  Marine x2  
  54  5:59  Supply Depot  
  54  6:17  Marine  
  54  6:20  Marine x2, Medivac  
  54  6:21  Supply Depot, Widow Mine  
  60  6:35  Marine  
  46  7:10  SCV  
  46  7:11  Marine x3  
  50  7:17  Widow Mine  
  50  7:22  SCV  
  52  7:29  Marine x3  
  54  7:32  Engineering Bay  
  54  7:34  SCV  
  56  7:46  SCV, Siege Tank  
  56  7:47  Marine x3  
  56  7:48  Starport Tech Lab  
  63  7:56  Starport Tech Lab  
  63  7:58  SCV  
  63  8:05  Marine x3  
  67  8:10  SCV  
  68  8:22  Medivac  
  70  8:50  Terran Infantry Weapons Level 1  
  70  8:55  Supply Depot  
  70  9:03  Refinery  
  70  9:11  Starport  
  70  9:16  Marine x3, Banshee  
  70  9:17  SCV x2  
  73  9:56  Marine x3  
  73  9:57  Banshee, SCV  
  47  10:09  SCV  
  45  10:14  Marine x3  
  37  10:32  Marine x3  
  39  10:40  Banshee  
  42  10:44  Banshee  
  42  10:45  Medivac  
  47  10:50  Marine x3  
  35  11:15  Medivac  
  36  11:26  Banshee  
  4  12:27  SCV  
  3  12:39  SCV  
  4  12:51  SCV  
  5  13:03  SCV  
  6  13:16  SCV  
  6  13:17  Supply Depot  
  7  13:28  SCV  
  8  13:34  Marine  
  8  13:40  SCV  
  10  13:46  Barracks  
  10  13:52  Marine, SCV  
  12  13:59  Barracks  
  12  14:03  Barracks  
  12  14:04  SCV  
  13  14:10  Marine  
  13  14:16  SCV  
  15  14:28  Marine, SCV  
  17  14:40  SCV  
  17  14:41  Marine  
  19  14:46  Marine  
  21  14:52  Refinery, SCV  
  21  14:59  Marine  
  22  15:04  Marine  
  23  15:10  Supply Depot  
  23  15:31  Starport Tech Lab  
  23  15:32  Marine x3, SCV  
  23  15:33  Starport Tech Lab  
  27  15:44  SCV, Supply Depot  
  28  15:56  SCV  
  29  16:02  Marine x2  
  31  16:05  Marine x2  
  31  16:08  SCV  
  31  16:09  Supply Depot  
  34  16:20  Marine x2, SCV  
  34  16:23  Marine x2  
  39  16:32  SCV, Supply Depot  
  40  16:38  Marine  
  40  16:42  Marine  
  40  16:43  Marine x2  
  43  16:56  Marine  
  43  17:00  Marine x3  
  47  17:04  Medivac  
  49  17:19  Supply Depot  
  49  17:21  Marine x2  
  49  17:22  Marine  
  51  18:40  Marine x3  
  51  18:41  Marine  
  60  19:03  Supply Depot  
Tags
 
Add a new tag
Caveats
  • Supply blocks, unpowered buildings, or Contaminate may cause inaccurate times.
  • Supply counts are checked every 10 seconds.